 Dungeon Crawl Stone Soup version 0.27.1-1-g398f81649c (webtiles) character file.

Game seed: 89746359118538601

197 Descartes the Ruffian (level 5, -1/53 HPs)
             Began as a Troll Delver on Sept 8, 2021.
             Slain by a wyvern (11 damage)
             ... on level 4 of the Dungeon.
             The game lasted 00:00:53 (337 turns).

Descartes the Ruffian (Troll Delver)                 Turns: 337, Time: 00:00:54

Health: -1/53      AC:  4    Str: 20    XL:     5   Next: 46%
Magic:  4/4        EV: 10    Int:  6    God:
Gold:   20         SH:  0    Dex: 12    Spells: 4/4 levels left

rFire    . . .     SeeInvis .     - Unarmed
rCold    . . .     Faith    .   (no shield)
rNeg     . . .     Spirit   .   a - +0 robe
rPois    .         Reflect  .   (helmet restricted)
rElec    .         Harm     .   (no cloak)
rCorr    .         Rampage  .   (gloves unavailable)
Will     .....                  (boots unavailable)
Stlth    ++........             (no amulet)
HPRegen  1.17/turn              (no ring)
MPRegen  0.09/turn              (no ring)

@: no status effects
A: large, unfitting armour, claws 3, regeneration 1, shaggy fur 1, tough skin 1
a: no special abilities


You were on level 4 of the Dungeon.
You visited 1 branch of the dungeon, and saw 2 of its levels.

You collected 20 gold pieces.

Inventory:

Armour
 a - a +0 robe (worn)
Wands
 f - a wand of digging (3)
Scrolls
 b - a scroll of fog
 c - a scroll of magic mapping
 d - a scroll of fear
Potions
 e - a potion of haste


   Skills:
 + Level 3.5 Fighting
 + Level 3.0 Dodging
 - Level 2.7 Stealth
 + Level 3.6 Unarmed Combat


You had 4 spell levels left.
You didn't know any spells.
Your spell library was empty.

Dungeon Overview and Level Annotations

Branches:
Dungeon (5/15)
 Temple: D:4-7

Altars:

Shops:
D:5 [

Annotations:
D:5 Dowan, Duvessa


Innate Abilities, Weirdness & Mutations

You are too large for most types of armour.
You have claws for hands.
Your natural rate of healing is unusually fast.
You are covered in fur. (AC +1)
You have tough skin. (AC +1)


Message History

A jackal comes into view.
The jackal barks!
The wyvern hisses angrily.
You hear a bark!
A jackal comes into view.
The jackal misses you.
You scratch the wyvern.
The wyvern is lightly wounded.
The wyvern bites you! The wyvern barely misses you.
You barely miss the wyvern.
The wyvern is lightly wounded.
The jackal bites you. The wyvern bites you. The jackal barely misses you.
You claw the wyvern!
The wyvern is heavily wounded.
The jackal barely misses you. The wyvern barely misses you.
The jackal closely misses you.
The jackal bites you but does no damage.
You barely miss the wyvern.
The wyvern is heavily wounded.
The wyvern bites you! x2
* * * LOW HITPOINT WARNING * * *
The orc barely misses you.
You are too injured to fight recklessly!
You are too injured to fight recklessly!
You are too injured to fight recklessly!
You are too injured to fight recklessly!
You are too injured to fight recklessly!
You are too injured to fight recklessly!
You are too injured to fight recklessly!
You are too injured to fight recklessly!
You are too injured to fight recklessly!
You are too injured to fight recklessly!
You are too injured to fight recklessly!
You are too injured to fight recklessly!
You are too injured to fight recklessly!
You are too injured to fight recklessly!
The jackal bites you but does no damage.
The wyvern bites you!
* * * LOW HITPOINT WARNING * * *
The jackal bites you but does no damage. x2
The wyvern bites you!
You die...

## ### ##. #### #..#####....
##..##..### #.....##...##
###.........###......... .##
...........##.........##..#
#.........#......##.<....#
#.....h.h.#.....###..#...#
##....hhl@..#............#
#.....o##..<.............#
#......#.........###...##.
#................###...#..
.........#...#....†#..>...).
........##.###.....##.......
.........#.# #..............
........... #......###.....
......... #.###..........


You could see a wyvern, an orc and 4 jackals.

Vanquished Creatures
  2 ogres
  A hound zombie (D:5)
  An ufetubus (D:5)
  An orc (D:5)
  An endoplasm (D:4)
  A kobold (D:4)
  A quokka (D:4)
8 creatures vanquished.

Notes
Turn   | Place    | Note
-------+----------+-------------------------------------------
     0 | D:5      | Descartes the Troll Delver began the quest for the Orb.
     0 | D:5      | Reached XP level 1. HP: 22/22 MP: 0/0
    70 | D:5      | Reached XP level 2. HP: 26/29 MP: 1/1
    82 | D:5      | Noticed an ogre
    88 | D:5      | Killed an ogre
    89 | D:5      | Reached XP level 3. HP: 27/37 MP: 2/2
    89 | D:5      | Reached XP level 4. HP: 32/45 MP: 3/3
   112 | D:5      | Found Xiurhast's Armour Boutique.
   198 | D:5      | Noticed Dowan
   201 | D:5      | Noticed Duvessa
   296 | D:4      | Noticed an ogre
   302 | D:4      | Killed an ogre
   303 | D:4      | Reached XP level 5. HP: 30/53 MP: 4/4
   326 | D:4      | Noticed a wyvern
   337 | D:4      | Slain by a wyvern

Illustrated notes

Levels and vault maps discovered:
D:4:      layout_cave_pools, mainiacjoe_overflow_catwalk,
          nicolae_ru_path_of_blood, st_stairs_3
D:5:      layout_basic, trog_ov_bears_minmay, serial_shops,
          kennysheep_mini_moat, uniq_duvessa, uniq_ijyb

Skill      XL: |  1  2  3  4 |
---------------+-------------+-----
Dodging        | 2 3 |  3.0
Fighting       | 3 |  3.5
Unarmed Combat | 3 |  3.6
Stealth        | |  2.7

Action                   |  1- 3 |  4- 6 || total
-------------------------+-------+-------++-------
Melee: Unarmed           |    18 |    32 ||    50
 Stab: Sleeping          |     1 |     1 ||     2
Armor: Robe              |     5 |     9 ||    14
Dodge: Dodged            |    10 |    13 ||    23
